 Dungeon Crawl Stone Soup version 0.30.1 (webtiles) character file.

Game seed: 15232928161141624713

53 Peloso the Shield-Bearer (level 3, -5/33 HPs)
             Began as a Minotaur Fighter on July 2, 2023.
             Killed by divine providence
             ... invoked by an orc priest
              (16 damage)
             ... on level 3 of the Dungeon.
             The game lasted 00:02:49 (1897 turns).

Peloso the Shield-Bearer (Minotaur Fighter)         Turns: 1897, Time: 00:02:50

Health: -5/33      AC: 10    Str: 19 (20) XL:     3   Next: 62%
Magic:  2/2        EV:  7    Int:  2 (5)  God:
Gold:   86         SH:  5    Dex: 11      Spells: 2/2 levels left

rFire   . . .        a - +0 long sword
rCold   . . .        d - +0 buckler
rNeg    . . .        h - +0 chain mail
rPois   .            (helmet restricted)
rElec   .            c - +0 cloak
rCorr   .            (no gloves)
SInv    .            (no boots)
Will    .....        (no amulet) Stlth
                     (no ring)
HPRegen 0.25/turn    (no ring)
MPRegen 0.08/turn

%: no passive effects
@: no status effects
A: horns 2, retaliatory headbutt
a: no special abilities


You were on level 3 of the Dungeon.
You visited 1 branch of the dungeon, and saw 3 of its levels.

You collected 86 gold pieces.

Inventory:

Hand Weapons
 a - a +0 long sword (weapon)
Armour
 b - a +0 scale mail
 c - a +0 cloak (worn)
 d - a +0 buckler (worn)
 h - a +0 chain mail (worn)
Scrolls
 j - a scroll of teleportation {unknown}
Potions
 e - a potion of cancellation {unknown}
 f - a potion of curing
 g - 2 potions of might
 i - a potion of ambrosia
 k - 2 potions of brilliance {unknown}
 l - a potion of heal wounds {unknown}


   Skills:
 + Level 4.3 Fighting
 + Level 2.7 Long Blades
 + Level 4.0 Armour
 + Level 0.3 Dodging
 + Level 4.6 Shields


You had 2 spell levels left.
You didn't know any spells.
Your spell library was empty.

Dungeon Overview and Level Annotations

Branches:
Dungeon (3/15)

Altars:


Innate Abilities, Weirdness & Mutations

You have a pair of horns on your head.
You reflexively headbutt those who attack you in melee.


Message History

The hobgoblin shouts!
Found a potion of curing.
There is a stone staircase leading up here.
A hobgoblin is nearby!
The hobgoblin hits you.
Found a club.
The hobgoblin hits you.
You hit the hobgoblin. You headbutt the hobgoblin.
The hobgoblin is severely wounded.
The hobgoblin hits you but does no damage.
You hit the hobgoblin.
You kill the hobgoblin!
You see here a hobgoblin corpse.
HP restored.
f - a potion of curing An orc comes into view.
It is wielding a +0 flail.
The orc shouts!
You hear a shout!
The orc moves out of view.
An orc comes into view. It is wielding a +0 dagger.
An orc is nearby!
An orc is nearby!
You barely miss the orc. You headbutt the orc.
The orc is severely wounded.
The orc hits you but does no damage.
An orc comes into view. It is wielding a +0 hand axe.
An orc priest comes into view. It is wielding a +0 flail.
You block the orc's attack.
The orc priest looks satisfied for a moment.
The orc barely misses you.
You slash the orc!
You kill the orc!
The orc hits you but does no damage.
Unknown command.
You closely miss the orc.
The orc priest mumbles some strange prayers to Beogh against you.
Beogh smites you! The orc hits you with a +0 flail!
You closely miss the orc. Your headbutt misses the orc. The orc misses you.
You furiously retaliate!
You headbutt the orc. The orc completely misses you.
The orc priest calls down the wrath of Beogh upon you.
Beogh smites you!
You die...

..........#
..........#####
#............####
#............#...
#........†...#... ##
#................ ..
#................
#o##.............<..
#oo@).#####.....#...
#####+# #.....+...
#.....#...
#.....###. ####### #


You could see an orc priest and 2 orcs.

Vanquished Creatures
  An adder (D:2)
  2 dart slugs
  An orc (D:3)
  3 bats
  3 endoplasms
  2 goblins
  8 hobgoblins
  A quokka (D:1)
  5 ball pythons
  5 frilled lizards
  4 kobolds
  3 rats
38 creatures vanquished.

Notes
Turn   | Place    | Note
-------+----------+-------------------------------------------
     0 | D:1      | Peloso the Minotaur Fighter began the quest for the Orb.
     0 | D:1      | Reached XP level 1. HP: 19/19 MP: 0/0
    56 | D:1      | Reached XP level 2. HP: 26/27 MP: 1/1
   756 | D:1      | Found a faded altar of an unknown god.
   919 | D:2      | Reached XP level 3. HP: 27/33 MP: 2/2
  1897 | D:3      | Killed from afar by an orc priest

Illustrated notes

Levels and vault maps discovered:
D:1:      nicolae_arrival_washed_ashore, layout_basic,
          hellmonk_ecumenical_altar_inner_sanctum
D:2:      layout_basic
D:3:      layout_basic, serial_shops, nicolae_shop_tiny_statue_garden,
          minmay_goblin_kobold_house

Skill      XL: |  1  2 |
---------------+-------+-----
Shields        | 4 |  4.6
Fighting       | 4 |  4.3
Armour         | 4 |  4.0
Long Blades    | |  2.7
Dodging        | |  0.3

Action                     || total
---------------------------++-------
  Melee: Long sword        ||    82
         Headbutt          ||     9
    Use: Potion            ||     4
         Scroll            ||     2
 Armour: Scale mail        ||    25
         Chain mail        ||    33
  Dodge: Dodged            ||    51
  Block: Buckler           ||    20
